 Dungeon Crawl Stone Soup version 0.18-a0-1721-gc4d1f22 (webtiles) character file.

214988 incide the Peltast (level 18, -1/147 HPs)
             Began as a Demonspawn Gladiator on Apr 9, 2016.
             Was an Initiate of Gozag.
             Slain by a spark wasp (3 damage)
             ... on level 4 of the Spider Nest.
             The game lasted 04:03:24 (43771 turns).

incide the Peltast (Demonspawn Gladiator)          Turns: 43771, Time: 04:03:28

Health: -1/147     AC: 29    Str: 25 (26) XL:     18   Next: 31%
Magic:  4/27       EV: 12    Int: 11      God:    Gozag
Gold:   3210       SH: 17    Dex: 19      Spells: 0 memorised, 17 levels left

rFire  + + +     SeeInvis +     I - +6 broad axe (flame)
rCold  + + .     Gourm    .     m - +4 plate armour {rF+}
rNeg   . . .     Faith    .     X - +1 shield {reflect}
rPois  +         Spirit   .     c - +0 helmet
rElec  +         Dismiss  .     F - +1 cloak
rCorr  +         Reflect  +     (gloves unavailable)
SustAt .         Harm     .     Z - +1 pair of boots of Sovereignty {Str+4}
MR     ++...                    O - amulet of regeneration
Stlth  ..........               U - ring of Lugonu's Esteem {rF+ rC+ MP+9 Dex+3}
                                B - ring of protection from magic

@: lethally poisoned (-1 -> -2), resistant, gold aura, very resistant to hostile
enchantments, extremely unstealthy
A: claws 3, yellow scales 2, see invisible, agile 1, demonic guardian 2, robust
1, rot immunity, subdued magic 1
a: Potion Petition, Call Merchant, Bribe Branch, Renounce Religion
}: 1/15 runes: barnacled


You were on level 4 of the Spider Nest.
You worshipped Gozag.
Gozag was noncommittal.
You were not hungry.

You visited 6 branches of the dungeon, and saw 34 of its levels.
You also visited: Labyrinth, Ice Cave and Volcano.

You collected 14587 gold pieces.
You spent 1065 gold pieces at shops.
You paid 10312 gold pieces to Gozag.

Inventory:

Hand Weapons
 f - the +0 broad axe "Vumo" {antimagic, Dex+4 Stlth+}
   (You bought it in a shop on level 1 of the Lair of Beasts)

   It disrupts the flow of magical energy around spellcasters and certain
   magical creatures (including the wielder).
   It affects your dexterity (+4).
   It makes you more stealthy.
 I - a +6 broad axe of flaming (weapon)
Missiles
 d - 7 throwing nets (quivered)
Armour
 c - a +0 helmet (worn)
 m - a +4 plate armour of fire resistance (worn)
 r - the cursed +0 chain mail of Myill {Slay+5}
   (You bought it in a shop on level 2 of the Orcish Mines)

   It affects your accuracy and damage with ranged weapons and melee attacks
   (+5).
   It has a curse placed upon it.
 x - a +2 pair of gloves
 F - a +1 cloak (worn)
 X - a +1 shield of reflection (worn)
 Z - the +1 pair of boots of Sovereignty (worn) {Str+4}
   (You found it on level 4 of the Lair of Beasts)

   It affects your strength (+4).
Jewellery
 B - a ring of protection from magic (left claw)
 D - an uncursed amulet of rage
 L - an uncursed ring of positive energy
 O - an amulet of regeneration (around neck)
 Q - an uncursed amulet of magic regeneration
 U - the ring of Lugonu's Esteem (right claw) {rF+ rC+ MP+9 Dex+3}
   (You found it in a labyrinth)

   [ring of magical power]

   It affects your dexterity (+3).
   It protects you from fire.
   It protects you from cold.
   It affects your magic capacity (+9).
 V - an uncursed ring of poison resistance
 Y - a +2 ring of evasion
Wands
 b - a wand of lightning (6/15)
 p - a wand of flame (15/48)
 q - a wand of polymorph (11/24)
 C - a wand of iceblast (7/15)
 J - a wand of iceblast (7/15)
 K - a wand of acid (10/15)
 N - a wand of lightning (2/15)
 R - a wand of disintegration (14/24)
Scrolls
 e - 8 scrolls of identify
 h - 4 scrolls of recharging
 i - 5 scrolls of fog
 j - 3 scrolls of immolation
 l - 5 scrolls of teleportation
 n - 2 scrolls of magic mapping
 t - 11 scrolls of remove curse
 u - a scroll of summoning
 y - a scroll of fear
 E - 5 scrolls of blinking
 H - a scroll of silence {!r}
Potions
 a - 2 potions of berserk rage
 g - 2 potions of curing
 s - 4 potions of agility
 w - a potion of invisibility
 A - a potion of resistance
 M - 5 potions of flight
Miscellaneous
 v - a lamp of fire
 z - a stone of tremors
 G - a disc of storms
 P - a box of beasts
Comestibles
 k - 6 meat rations
 S - 24 fruits
 T - a beef jerky


   Skills:
 + Level 10.1 Fighting
 - Level 16.0 Axes
 - Level 1.7 Throwing
 - Level 13.5 Armour
 - Level 6.7 Dodging
 - Level 19.1 Shields


You had 17 spell levels left.
You didn't know any spells.

Dungeon Overview and Level Annotations

Branches:
Dungeon (15/15)            Temple (1/1) D:6            Lair (8/8) D:9
 Shoals (4/4) Lair:3       Spider (4/4) Lair:6        Slime (0/6) Lair:8
    Orc (2/2) D:10            Elf (0/3) Orc:2        Vaults (0/5) D:14
 Depths (0/5) D:15

Altars:
Ashenzari
Cheibriados
Dithmenos
Elyvilon
Fedhas
Gozag
Kikubaaqudgha
Makhleb
Nemelex Xobeh
Okawaru
Pakellas
Qazlal
Ru
Sif Muna
Trog
Vehumet
Xom
Yredelemnul
Zin
The Shining One
Beogh

Shops:
Orc:2 [(*=   Lair:1 *[(   Lair:3 (([[*   Lair:4 *

Annotations:
Lair:1 exclusion: oklob plant


Innate Abilities, Weirdness & Mutations

You have claws for hands.
You are mostly covered in yellow scales (AC +3).
A demonic guardian rushes to your aid.
You are robust (+10% HP).
You are immune to rotting.
You have supernaturally acute eyesight.
You are agile. (Dex +2)
Your spells are a little easier to cast, but a little less powerful.


Message History

You assume a fearsome visage.
The spark wasp resists with some effort.
You feel sick.
The spark wasp buzzes angrily.
You slash the spark wasp! You burn the spark wasp.
The spark wasp is no longer distracted by gold.
The spark wasp is severely wounded.
You feel sick.
You hear an angry hiss.
You block the spark wasp's attack.
You hit the spark wasp but do no damage.
The spark wasp is heavily wounded.
You feel sick. You block the spark wasp's attack.
You closely miss the spark wasp.
The spark wasp is heavily wounded.
You feel sick. The spark wasp stings you!
* * * LOW HITPOINT WARNING * * *
The spark wasp shocks you. You resist.
You die...
Your body crumbles into a pile of gold.

^......#......4$##.)...≈≈≈≈≈≈≈≈≈≈
......##.)...y.$.........≈≈≈≈≈≈≈≈
......#.......#s#................
......#.^#..###≈.........^.^...^.
..#...#####..###≈.s##............
...### ##^##^ss.....^......^..
#.###.s.≈≈^.^^≈^≈###^. #####
#..#y##.^^.##≈.#^# ^#≈ ####.#.##
##.##@###.≈^..≈.≈^^.^.
#^..#...### #.^### #######.......
.###.#^.#.####.# ######## .#
####....# #.# ########...# #^#
...#^# #...###.# ...^.###.....^.#
#.<...##..#....# .^...####..^..^#


You could see a spark wasp.

Vanquished Creatures
  A kraken (Shoals:4)
  Polyphemus (Shoals:3)
  Roxanne (Spider:2)
  2 orc warlords (Orc:2)
  3 ghost moths (Spider:4)
  2 emperor scorpions
  An ettin (D:15)
  Josephine (Spider:1)
  6 merfolk javelineers
  A vault guard (D:14)
  A minotaur (Lab)
  Harold (Lair:4)
  The ghost of skk the Blocker, a journeyman MiFi of Okawaru (D:11)
  3 entropy weavers
  2 merfolk impalers (Shoals:4)
  3 catoblepae (Lair:8)
  3 merfolk avatars
  A death knight (D:15)
  6 hydras
  7 centaur warriors
  5 merfolk aquamancers
  The ghost of azaza322 the Blocker, a journeyman GrFi of Okawaru (D:10)
  2 satyrs
  A tengu warrior (D:13)
  An ogre mage (D:15)
  8 death yaks
  10 sea snakes
  3 skeletal warriors (D:14)
  A deep troll (D:15)
  A deep elf archer (D:15)
  4 unseen horrors
  4 hill giants
  5 harpies
  A necromancer (D:14)
  3 orc knights
  Pikel (D:7)
  4 wizards (D:14)
  A lindwurm (Volcano)
  A deep elf mage (D:15)
  25 wolf spiders
  4 manticores
  12 orb spiders
  7 griffons
  7 orc sorcerers
  A cyclops (shapeshifter) (D:15)
  7 fauns
  5 ugly things
  8 cyclopes
  2 hornets
  12 elephants
  10 sirens
  4 centaur zombies
  2 moths of wrath
  4 black mambas
  An ice statue (IceCv)
  2 gargoyles
  4 water nymphs
  5 torpor snails
  12 komodo dragons
  15 spiny frogs
  2 rime drakes
  15 demonic crawlers
  2 freezing wraiths (D:15)
  25 jumping spiders
  2 harpy zombies (Shoals:3)
  17 polar bears
  30 merfolk
  10 trolls
  2 two-headed ogres (D:14)
  A harpy skeleton (D:15)
  Grinder (D:3)
  2 wind drakes
  5 slime creatures (D:12)
  10 snapping turtles
  5 boulder beetles
  A griffon zombie (Shoals:3)
  17 blink frogs
  56 redbacks
  2 shadows
  22 tarantellas
  18 water elementals
  15 fire bats (Volcano)
  63 yaks
  5 wraiths
  A yak (shapeshifter) (D:15)
  16 humans
  15 hippogriffs
  2 basilisks
  2 wyverns
  7 vampire mosquitoes
  3 hungry ghosts
  2 wargs (Orc:2)
  2 mottled dragons
  19 water moccasins
  2 hell hounds (Orc:1)
  Duvessa (D:7)
  9 porcupines
  7 sky beasts
  A black bear (D:10)
  34 orc warriors
  A necrophage (D:13)
  3 phantoms
  A wasp (Spider:2)
  2 slaves (D:7)
  13 ice beasts
  12 ogres
  3 boggarts (D:15)
  An eye of draining (D:12)
  23 wolves
  15 crocodiles
  30 centaurs
  14 big kobolds
  19 giant frogs
  Dowan (D:7)
  2 wyvern zombies
  A scorpion (D:9)
  A wyvern skeleton (D:15)
  6 killer bees
  A troll skeleton (D:9)
  9 wights
  4 spriggan skeletons
  6 electric eels
  A howler monkey (D:10)
  6 crimson imps
  3 giant frog zombies
  7 hounds
  8 centaur skeletons
  13 orc priests
  3 jellies
  16 orc wizards
  3 giant frog skeletons
  Ijyb (D:3)
  8 iguanas
  10 worker ants
  12 sheep
  An ogre skeleton (Lab)
  A hound zombie (D:8)
  A howler monkey skeleton (D:6)
  7 gnolls
  9 adders
  93 river rats
  9 shadow imps
  3 oozes
  An adder zombie (D:5)
  An adder skeleton (D:4)
  3 worms
  5 giant geckos
  79 orcs
  4 ball pythons
  3 giant cockroaches
  10 goblins
  3 hobgoblins
  5 jackals
  3 quokkas
  11 bats
  A giant cockroach zombie (D:5)
  2 giant gecko skeletons
  A giant gecko zombie (D:7)
  8 giant newts
  23 kobolds
  A quokka zombie (D:7)
  17 rats
  13 fungi
  22 plants
1303 creatures vanquished.

Vanquished Creatures (collateral kills)
  Frances (D:14)
  Ilsuiw (Shoals:4)
  Donald (Spider:2)
  2 merfolk javelineers
  A merfolk impaler (Shoals:4)
  4 hydras
  A catoblepas (Shoals:3)
  2 merfolk avatars
  3 merfolk aquamancers
  A satyr (Shoals:4)
  A tengu warrior (D:13)
  5 death yaks
  2 sea snakes (Shoals:1)
  2 harpies
  An orc knight (Orc:2)
  An ugly thing (D:14)
  An orb spider (Spider:3)
  A hornet (Spider:2)
  An orc sorcerer (Orc:2)
  2 cyclopes
  A wolf spider (Spider:1)
  2 manticores (Shoals:4)
  A siren (Shoals:3)
  2 fauns (Shoals:1)
  2 griffons
  3 spiny frogs
  A demonic crawler (Spider:1)
  2 jumping spiders
  2 harpy zombies (Shoals:3)
  5 merfolk
  A tengu conjurer (D:13)
  A wind drake (Shoals:1)
  3 blink frogs
  4 redbacks
  A water elemental (Shoals:1)
  A basilisk (Lair:3)
  5 yaks
  8 humans
  2 wraiths (Spider:1)
  Grum (D:8)
  A hippogriff (Shoals:4)
  2 water moccasins (Lair:1)
  2 orc warriors (Orc:2)
  2 slaves (D:7)
  An ogre (D:10)
  A black bear (D:9)
  A wolf (Lair:6)
  A centaur (D:10)
  4 crocodiles
  4 giant frogs
  An electric eel (Spider:2)
  An orc priest (D:10)
  2 worker ants
  2 sheep (Lair:8)
  2 river rats (Lair:3)
  An adder skeleton (D:5)
  4 orcs
  3 bats (D:9)
  A giant cockroach (D:4)
  A plant (Shoals:3)
  4 tentacles (Shoals:4)
123 creatures vanquished.

Vanquished Creatures (others)
  A merfolk aquamancer (Shoals:4)
  A death yak (Lair:8)
  3 blink frogs (Lair:8)
  A yak (Lair:8)
  2 giant frogs (D:6)
  A crimson imp (D:6)
  An adder (D:6)
  A river rat (Lair:6)
  A giant cockroach (D:6)
  20 fungi
  13 plants
  8 tentacles (Shoals:4)
  529 tentacle segments (Shoals:4)
582 creatures vanquished.

Grand Total: 2008 creatures vanquished

Notes
Turn   | Place    | Note
--------------------------------------------------------------
     0 | D:1      | incide the Demonspawn Gladiator began the quest for the Orb.
     0 | D:1      | Reached XP level 1. HP: 16/16 MP: 1/1
    98 | D:1      | Reached skill level 3 in Axes
   119 | D:1      | Gained mutation: A weak demonic guardian rushes to your aid. [demonic ancestry]
   119 | D:1      | Reached XP level 2. HP: 18/22 MP: 2/2
   644 | D:1      | Reached XP level 3. HP: 27/27 MP: 3/3
  1014 | D:2      | Reached skill level 4 in Axes
  1070 | D:2      | Found a shadowy altar of Dithmenos.
  1299 | D:2      | You fall through a shaft!
  1354 | D:2      | Gained mutation: You have sharp fingernails. [demonic ancestry]
  1354 | D:2      | Reached XP level 4. HP: 33/33 MP: 4/4
  1363 | D:2      | HP: 4/33 [gnoll/spear (9)]
  1854 | D:2      | Reached skill level 5 in Axes
  2185 | D:3      | Found a sacrificial altar of Ru.
  2202 | D:3      | Found a stormy altar of Qazlal.
  2205 | D:3      | Noticed Grinder
  2224 | D:3      | Killed Grinder
  2224 | D:3      | Reached skill level 3 in Armour
  2224 | D:3      | Gained mutation: You are partially covered in yellow scales (AC +2). [demonic ancestry]
  2224 | D:3      | Reached XP level 5. HP: 19/38 MP: 5/5
  2224 | D:3      | Reached XP level 6. HP: 22/44 MP: 6/6
  2560 | D:3      | Noticed Ijyb
  2575 | D:3      | Killed Ijyb
  2575 | D:3      | Reached skill level 4 in Armour
  2952 | D:4      | Found a deep blue altar of Sif Muna.
  3069 | D:5      | Entered Level 5 of the Dungeon
  3119 | D:4      | Reached skill level 5 in Armour
  3119 | D:4      | Reached XP level 7. HP: 43/50 MP: 7/7
  4221 | D:5      | Reached skill level 6 in Armour
  4547 | D:6      | Found a shimmering altar of Xom.
  4589 | D:6      | Found a sparkling altar of Nemelex Xobeh.
  4597 | D:6      | Reached skill level 7 in Armour
  4637 | D:6      | Noticed a human
  4639 | D:6      | Noticed a human
  4639 | D:6      | Noticed a human
  4644 | D:6      | Found a staircase to the Ecumenical Temple.
  4655 | Temple   | Entered the Ecumenical Temple
  4657 | Temple   | Reached XP level 8. HP: 41/56 MP: 8/8
  4771 | Temple   | Reached skill level 8 in Armour
  5005 | Temple   | Became a worshipper of Gozag Ym Sagoz the Greedy
  5511 | D:6      | Reached skill level 6 in Axes
  5643 | D:7      | Noticed Pikel
  5878 | D:7      | Noticed Dowan
  5880 | D:7      | Noticed Duvessa
  5888 | D:7      | Killed Pikel
  5888 | D:7      | Reached skill level 7 in Axes
  5888 | D:7      | Gained mutation: You have very sharp fingernails. [demonic ancestry]
  5888 | D:7      | Reached XP level 9. HP: 58/61 MP: 9/9
  5896 | D:7      | Killed Duvessa
  5896 | D:7      | Reached skill level 8 in Axes
  5916 | D:7      | Killed Dowan
  6625 | D:7      | Reached skill level 9 in Axes
  6883 | D:8      | Noticed Grum
  6950 | D:8      | Found a glowing golden altar of the Shining One.
  7143 | D:8      | Killed Grum
  8527 | D:9      | Found a staircase to the Lair.
  8537 | D:9      | Reached skill level 9 in Armour
  8592 | D:9      | HP: 7/61 [orc warrior/flail (11)]
  8628 | D:9      | Reached XP level 10. HP: 17/67 MP: 10/10
  8636 | Lair:1   | Entered Level 1 of the Lair of Beasts
  8958 | D:9      | Found a burning altar of Makhleb.
  9493 | Lair:1   | Reached skill level 10 in Armour
  9712 | Lair:1   | Noticed a spiny frog
  9724 | Lair:1   | Killed a spiny frog
  9961 | Lair:1   | Noticed an oklob plant
 10186 | Lair:1   | Reached skill level 11 in Armour
 10304 | Lair:1   | Noticed a spiny frog
 10312 | Lair:1   | Killed a spiny frog
 10684 | Lair:1   | Noticed a spiny frog
 10691 | Lair:1   | Killed a spiny frog
 10697 | Lair:1   | Noticed a spiny frog
 10719 | Lair:1   | Killed a spiny frog
 10731 | Lair:1   | HP: 13/67 [poisoned by a spiny frog]
 10736 | Lair:1   | HP: 11/67 [poisoned by a spiny frog]
 10742 | Lair:1   | HP: 9/67 [poisoned by a spiny frog]
 10750 | Lair:1   | HP: 9/67 [poisoned by a spiny frog]
 10758 | Lair:1   | HP: 9/67 [poisoned by a spiny frog]
 11035 | Lair:1   | Reached skill level 12 in Armour
 11283 | Lair:1   | Noticed a spiny frog
 11295 | Lair:1   | Killed a spiny frog
 11295 | Lair:1   | Reached skill level 10 in Axes
 11425 | D:10     | Entered Level 10 of the Dungeon
 11429 | D:10     | Noticed azaza322's ghost (journeyman GrFi)
 11445 | D:9      | Gained mutation: You are mostly covered in yellow scales (AC +3). [demonic ancestry]
 11445 | D:9      | Reached XP level 11. HP: 54/72 MP: 11/11
 11595 | D:10     | HP: 7/72 [gargoyle/stone arrow (12)]
 11748 | D:10     | Found a staircase to the Orcish Mines.
 11968 | D:10     | HP: 14/72 [azaza322's ghost (16)]
 12977 | D:10     | HP: 14/72 [orc warrior/trident (5)]
 13455 | D:10     | Reached skill level 11 in Axes
 14136 | D:10     | HP: 13/72 [azaza322's ghost (13)]
 14895 | Lair:2   | HP: 14/72 [poisoned by a water moccasin]
 15139 | Lair:2   | Noticed a four-headed hydra
 15631 | Lair:1   | Reached skill level 3 in Fighting
 15637 | Lair:1   | HP: 15/75 [yak (2)]
 15644 | Lair:1   | HP: 15/75 [poisoned by a spiny frog]
 15652 | Lair:1   | HP: 15/75 [poisoned by a spiny frog]
 15969 | Lair:2   | Reached skill level 4 in Fighting
 16224 | Lair:2   | Killed an 11-headed hydra
 16224 | Lair:2   | Reached skill level 5 in Fighting
 16350 | Lair:2   | Reached skill level 6 in Fighting
 16681 | Lair:3   | Reached skill level 7 in Fighting
 17104 | Lair:3   | Noticed a four-headed hydra
 17107 | Lair:3   | Found a white marble altar of Elyvilon.
 17111 | Lair:3   | Noticed a griffon
 17111 | Lair:3   | a four-headed hydra changed into a griffon
 17123 | Lair:3   | Killed a griffon
 17370 | Lair:3   | Bought a glowing broad axe for 104 gold pieces
 17392 | Lair:3   | Reached skill level 8 in Fighting
 17452 | Lair:3   | Reached XP level 12. HP: 59/92 MP: 12/12
 17492 | Lair:3   | Found a staircase to the Shoals.
 18078 | Lair:4   | Found a frozen archway.
 18105 | Lair:4   | Reached skill level 9 in Fighting
 18135 | IceCv    | Entered an ice cave
 18425 | IceCv    | Noticed a death yak
 18444 | IceCv    | Killed a death yak
 18444 | IceCv    | Reached skill level 2 in Shields
 18479 | IceCv    | Reached skill level 3 in Shields
 18716 | IceCv    | Reached skill level 4 in Shields
 19028 | IceCv    | Reached skill level 5 in Shields
 19356 | IceCv    | Reached skill level 6 in Shields
 19901 | IceCv    | Reached skill level 12 in Axes
 20200 | IceCv    | Noticed a death yak
 20200 | IceCv    | Noticed a frost giant
 20407 | IceCv    | Killed a death yak
 20637 | Lair:4   | Noticed Harold
 20661 | Lair:4   | HP: 12/96 [Harold/bolt of fire (20)]
 20676 | Lair:4   | Killed Harold
 20850 | Lair:3   | Gained mutation: You are robust (+10% HP). [demonic ancestry]
 20850 | Lair:3   | Reached XP level 13. HP: 85/111 MP: 13/13
 21064 | Lair:4   | Got a pair of heavily runed boots
 21077 | Lair:4   | Identified the +1 pair of boots of Sovereignty {Str+4} (You found it on level 4 of the Lair of Beasts)
 21215 | Lair:4   | Reached skill level 13 in Axes
 21353 | Lair:4   | Gained mutation: You possess an exceptional clarity of mind. [potion of beneficial mutation]
 21580 | Lair:4   | Lost mutation: You possess an exceptional clarity of mind. [potion of cure mutation]
 21942 | Lair:4   | Bought a steaming brass ring for 125 gold pieces
 21943 | Lair:4   | Identified the ring "Fojoeffu" {Ice +Fly Str-4 Dex+4} (You bought it in a shop on level 4 of the Lair of Beasts)
 22633 | Lair:5   | Reached skill level 14 in Axes
 22717 | Lair:5   | Reached skill level 3 in Dodging
 23045 | Lair:6   | Found a hole to the Spider Nest.
 23077 | Lair:6   | Reached skill level 4 in Dodging
 23326 | Lair:6   | Reached skill level 5 in Dodging
 23501 | Lair:6   | Reached skill level 6 in Dodging
 24494 | Lair:7   | Found a labyrinth entrance.
 24503 | Lab      | Entered a labyrinth
 25778 | Lab      | Noticed a minotaur
 25785 | Lab      | Killed a minotaur
 25799 | Lab      | Got a shimmering silver ring
 25801 | Lab      | Identified the ring of Lugonu's Esteem {rF+ rC+ MP+9 Dex+3} (You found it in a labyrinth)
 25804 | Lab      | sweet
 25825 | Lab      | Identified the Almanac of Entrancing Aid (You found it in a labyrinth)
 25855 | Lab      | Gained mutation: You have supernaturally acute eyesight. [potion of beneficial mutation]
 26173 | Lair:7   | Gained mutation: A demonic guardian rushes to your aid. [demonic ancestry]
 26173 | Lair:7   | Reached XP level 14. HP: 110/118 MP: 14/14
 26635 | Lair:7   | Reached skill level 13 in Armour
 26857 | Lair:8   | Entered Level 8 of the Lair of Beasts
 26884 | Lair:8   | Found a staircase to the Slime Pits.
 27505 | Lair:8   | Reached skill level 7 in Shields
 27659 | Lair:8   | Reached skill level 8 in Shields
 28533 | D:10     | Killed azaza322's ghost
 28603 | Lair:1   | Bought a translucent broad axe for 216 gold pieces
 28604 | Lair:1   | Identified the +0 broad axe "Vumo" {antimagic, Dex+4 Stlth+} (You bought it in a shop on level 1 of the Lair of Beasts)
 28695 | Orc:1    | Entered Level 1 of the Orcish Mines
 28763 | Orc:1    | Reached skill level 9 in Shields
 28868 | Orc:1    | Found a dark tunnel.
 28884 | Volcano  | Entered a volcano
 29455 | Orc:2    | Entered Level 2 of the Orcish Mines
 29455 | Orc:2    | Found a roughly hewn altar of Beogh.
 29457 | Orc:2    | Reached skill level 10 in Shields
 29527 | Orc:2    | Found Woima's Antique Armour Shoppe.
 29554 | Orc:2    | Bought a faintly humming chain mail for 323 gold pieces
 29555 | Orc:2    | Identified the cursed +0 chain mail of Myill {Slay+5} (You bought it in a shop on level 2 of the Orcish Mines)
 29556 | Orc:2    | almost
 29675 | Orc:2    | Noticed an orc warlord
 29694 | Orc:2    | Paralysed by an orc sorcerer for 3 turns
 29702 | Orc:2    | Killed an orc warlord
 29734 | Orc:2    | Noticed an orc warlord
 29752 | Orc:2    | Found Itevaquk's Antique Weapon Shoppe.
 29764 | Orc:2    | Killed an orc warlord
 29766 | Orc:2    | Gained mutation: You are immune to rotting. [demonic ancestry]
 29766 | Orc:2    | Reached XP level 15. HP: 63/125 MP: 15/15
 29837 | Orc:2    | Reached skill level 11 in Shields
 29856 | Orc:2    | Found a staircase to the Elven Halls.
 29909 | Orc:2    | Found Soqoro's General Store.
 29910 | Orc:2    | Paralysed by an orc sorcerer for 2 turns
 30134 | Orc:2    | Found Quw Leaf's Jewellery Emporium.
 30642 | Shoals:1 | Entered Level 1 of the Shoals
 30857 | Shoals:1 | Reached skill level 12 in Shields
 31346 | Lair:3   | Bought a bubbling silvery potion for 27 gold pieces
 31346 | Lair:3   | Gained mutation: Your spells are a little easier to cast, but a little less powerful. [potion of mutation]
 31346 | Lair:3   | Gained mutation: You are agile. (Dex +2) [potion of mutation]
 31348 | Lair:3   | Bought a pearl-encrusted ring mail for 270 gold pieces
 31349 | Lair:3   | Identified the cursed +0 ring mail of Kikubaaqudgha's Whim {rN+ Str-3 Dex+2} (You bought it in a shop on level 3 of the Lair of Beasts)
 31796 | D:11     | Noticed skk's ghost (journeyman MiFi)
 31841 | D:11     | Killed skk's ghost
 32486 | D:12     | Reached skill level 13 in Shields
 33838 | D:14     | Reached skill level 14 in Shields
 34002 | D:14     | Found a blossoming altar of Fedhas.
 34220 | D:14     | Noticed Frances
 34233 | D:14     | Killed Frances
 34403 | D:14     | Reached XP level 16. HP: 132/132 MP: 16/16
 34500 | D:14     | Found a gate to the Vaults.
 34545 | D:14     | Identified the Papyrus of Flamy Combat Magic (You found it on level 14 of the Dungeon)
 34675 | D:14     | Reached skill level 15 in Shields
 34787 | D:15     | Entered Level 15 of the Dungeon
 35168 | D:15     | oh shit
 35381 | D:15     | Found a staircase to the Depths.
 35932 | D:11     | Reached skill level 16 in Shields
 37329 | Shoals:3 | Noticed Polyphemus
 37353 | Shoals:3 | Reached skill level 17 in Shields
 37568 | Shoals:3 | Killed Polyphemus
 38228 | Shoals:4 | Entered Level 4 of the Shoals
 38249 | Shoals:4 | Reached XP level 17. HP: 133/138 MP: 17/17
 38451 | Shoals:4 | Noticed a kraken
 38496 | Shoals:4 | Killed a kraken
 38556 | Shoals:4 | Got a barnacled rune of Zot
 38583 | Shoals:4 | Reached skill level 18 in Shields
 38785 | Shoals:4 | Noticed Ilsuiw
 38860 | Shoals:4 | Killed Ilsuiw
 39179 | Shoals:4 | HP: 23/138 [manticore (8)]
 39530 | Shoals:4 | HP: 27/138 [merfolk javelineer/javelin of penetration (11)]
 39875 | Spider:1 | Entered Level 1 of the Spider Nest
 40178 | Spider:1 | Noticed Josephine
 40194 | Spider:1 | Reached skill level 19 in Shields
 40213 | Spider:1 | Killed Josephine
 41034 | Spider:2 | Noticed Donald
 41044 | Spider:2 | Killed Donald
 41181 | Spider:2 | Noticed Roxanne
 41489 | Spider:2 | Killed Roxanne
 41621 | Spider:2 | Identified Roxanne's Collected Works on Transformation (You took it off Roxanne on level 2 of the Spider Nest)
 41977 | Spider:3 | HP: 26/138 [poisoned by a redback]
 41982 | Spider:3 | HP: 21/138 [poisoned by a redback]
 41987 | Spider:3 | HP: 19/138 [poisoned by a redback]
 41992 | Spider:3 | HP: 18/138 [poisoned by a redback]
 41997 | Spider:3 | HP: 18/138 [poisoned by a redback]
 42002 | Spider:3 | HP: 11/138 [jumping spider (11)]
 42212 | Spider:3 | Reached skill level 15 in Axes
 42378 | Spider:3 | Gained mutation: You have claws for hands. [demonic ancestry]
 42378 | Spider:3 | Reached XP level 18. HP: 99/146 MP: 18/18
 42892 | Spider:4 | Entered Level 4 of the Spider Nest
 43400 | Spider:4 | HP: 29/146 [emperor scorpion (15)]
 43405 | Spider:4 | HP: 12/146 [emperor scorpion (17)]
 43592 | Spider:4 | Reached skill level 16 in Axes
 43747 | Spider:4 | Reached skill level 10 in Fighting
 43765 | Spider:4 | HP: 29/147 [spark wasp (6)]
 43766 | Spider:4 | HP: 14/147 [poisoned by a redback]
 43771 | Spider:4 | HP: 13/147 [poisoned by a redback]
 43771 | Spider:4 | HP: 2/147 [spark wasp (11)]
 43771 | Spider:4 | Slain by a spark wasp

Vault maps used:
D:1:      onia_arrival_pentagram, minmay_misc_feat_encased
D:2:      marbit_many_paths, minmay_misc_feat_four_crosses
D:3:      grunt_qazlal_clouds, nicolae_ru_the_path_less_chosen, first_bread,
          serial_curves, eino_curves_01, eino_curves_03, uniq_grinder, uniq_iyjb
D:4:      kennysheep_spiral_hall, overflow_temple_1_default,
          kennysheep_generic_room_12
D:6:      xom_confusion_cloud, nemelex_xobeh_ov_fountains_minmay,
          minmay_temple_entry_statues_pillars, minmay_ruffians
D:7:      uniq_duvessa, uniq_pikel
D:8:      lemuel_crystal_altar, uniq_grum
D:9:      lightli_temple_of_fire, grunt_lair_entry_orc_guard_hut,
          hangedman_tell_no_tales
D:10:     david_orc_2
D:11:     special_room
D:12:     dk_noncrumbling_4
D:13:     hangedman_decor_growths, kennysheep_generic_room_3
D:14:     grunt_vaults_entry_tiered, fedhas_altar_2, uniq_frances
D:15:     hangedman_depths_entry_civil_slaughter, minivault_25,
          grunt_decor_fettered
Temple:   circular_temple_12
Lair:1:   minmay_lair_oklob_bushes, grunt_megastairs_1
Lair:3:   elwin_shoals_entry_rooms, lemuel_altar_in_water2, grunt_megastairs_4
Lair:4:   portal_ice_cave_entry_ice_beasts, grunt_megastairs_2, uniq_harold
Lair:6:   spider_nest_entry_web_field, serial_bayou_shore_a, grunt_megastairs_3
Lair:7:   lab_entry_generic, grunt_forest_large_clearings
Lair:8:   evilmike_catoblepas_cave, nicolae_slime_entry_slimehenge
Shoals:1: hangedman_shoals_cup_caves
Shoals:3: nicolae_shoals_undead_eyrie, uniq_polyphemus
Shoals:4: shoals_end_hangedman, shoals_ilsuiw_ice, nicolae_shoals_isolated_beach
Spider:1: uniq_josephine
Spider:2: uniq_roxanne, uniq_donald
Spider:4: grunt_spider_rune_island, nicolae_spider_stair_cavern
Orc:1:    enter_volcano_3
Orc:2:    grunt_orc_gardens, grunt_orc_garden, grunt_orc_garden,
          grunt_orc_garden, grunt_orc_garden, basic_altar
Lab:      nicolae_lab_garden, lab_block
IceCv:    ice_cave_caverns_01
Volcano:  volcano_pools

Skill      XL: |  1  2  3  4  5  6  7  8  9 10 11 12 13 14 15 16 17 18 |
---------------+-------------------------------------------------------+-----
Axes           | 3 4 5 7 9 10 11 12 14 15 16 | 16.0
Armour         | 3 5 7 8 9 12 13 | 13.5
Fighting       | 8 9 10 | 10.1
Shields        | 6 10 14 17 19 | 19.1
Dodging        | 6 |  6.7
Throwing       | |  1.7

Action                   |  1- 3 |  4- 6 |  7- 9 | 10-12 | 13-15 | 16-18 || total
-------------------------+-------+-------+-------+-------+-------+-------++-------
Melee: War axe           |   138 |   152 |   690 |   911 |   173 |       ||  2064
       Broad axe         |       |       |       |   462 |  1558 |  1748 ||  3768
Throw: Throwing net      |       |       |     3 |     2 |       |       ||     5
Invok: Call Merchant     |       |       |       |     2 |     5 |     2 ||     9
Evoke: Wand              |       |       |     2 |    15 |     7 |    15 ||    39
       Deck              |       |       |       |       |     2 |       ||     2
  Use: Potion            |       |     2 |     7 |     7 |    13 |    11 ||    40
       Scroll            |       |       |     7 |    13 |    22 |    15 ||    57
 Stab: Distracted        |       |       |     3 |    13 |    16 |    25 ||    57
       Held in net/web   |       |       |     1 |       |       |       ||     1
       Petrified         |       |       |       |       |       |     3 ||     3
  Eat: Chunk             |     1 |     6 |     5 |       |       |       ||    12
       Pizza             |       |       |     2 |       |     2 |     1 ||     5
       Bread ration      |       |       |     1 |     8 |     3 |     6 ||    18
       Beef jerky        |       |       |     1 |     2 |     5 |     1 ||     9
       Meat ration       |       |       |     1 |       |     2 |       ||     3
       Fruit             |       |       |       |     7 |     8 |       ||    15
       Royal jelly       |       |       |       |       |     2 |     3 ||     5
